 Dungeon Crawl Stone Soup version 0.30-a0-989-g0d87f670db (webtiles) character file.

Game seed: 3713494348796734214

797 2tousent the Ruffian (level 7, -11/70 HPs)
             Began as a Troll Cinder Acolyte on Apr 3, 2023.
             Was a High Priest of Ignis.
             Mangled by an orc warrior
             ... wielding a +0 halberd
              (14 damage)
             ... on level 6 of the Dungeon.
             The game lasted 00:04:01 (3915 turns).

2tousent the Ruffian (Troll Cinder Acolyte)         Turns: 3915, Time: 00:04:02

Health: -11/70     AC:  4    Str: 23    XL:     7   Next: 58%
Magic:  7/7        EV: 10    Int: 10    God:    Ignis [*****.]
Gold:   258        SH:  0    Dex: 13    Spells: 8/8 levels left

rFire   + . .      SeeInvis .      - Unarmed
rCold   . . .      Faith    .    (no shield)
rNeg    . . .      Spirit   .    a - +0 robe
rPois   .          Reflect  .    (helmet restricted)
rElec   .          Rampage  .    (no cloak)
rCorr   .                        (gloves unavailable)
Will    .....                    (boots unavailable)
Stlth   +                        (no amulet)
HPRegen 1.11/turn                d - +6 ring of dexterity
MPRegen 0.10/turn                (no ring)

@: no status effects
A: large, unfitting armour, claws 3, regeneration 1, shaggy fur 1, tough skin 1
a: Renounce Religion, Fiery Armour, Foxfire Swarm, Rising Flame


You were on level 6 of the Dungeon.
You worshipped Ignis.
Ignis was extremely pleased with you.
You visited 1 branch of the dungeon, and saw 6 of its levels.

You collected 258 gold pieces.

Inventory:

Missiles
 h - 6 javelins (quivered)
Armour
 a - a +0 robe (worn)
Jewellery
 d - a +6 ring of dexterity (left claw)
 f - a ring of magical power
 k - a ring of fire
 o - a +6 ring of intelligence
 q - a ring of wizardry
Wands
 n - a wand of acid (3)
 p - a wand of roots (8)
Scrolls
 c - a scroll of identify
 j - a scroll of fear
 l - a scroll of brand weapon {unknown}
 m - a scroll of vulnerability {unknown}
 r - a scroll of fog {unknown}
Potions
 b - 2 potions of brilliance
 e - 2 potions of curing
 g - 5 potions of heal wounds {unknown}
 i - a potion of might


   Skills:
 + Level 4.1 Fighting
 + Level 1.6 Throwing
 + Level 3.1 Dodging
 * Level 6.5 Unarmed Combat
 - Level 1.0 Spellcasting
 - Level 2.1 Fire Magic


You had 8 spell levels left.
You didn't know any spells.
Your spell library contained the following spells:

 Spells                   Type           Power      Damage    Failure   Level
 Scorch                   Fire           8%         2d5       22%         2
 Sandblast                Erth           0%         2d4       34%         1
 Shock                    Conj/Air       0%         1d3       34%         1
 Blink                    Tloc           0%         N/A       45%         2
 Lesser Beckoning         Tloc           0%         N/A       45%         2
 Momentum Strike          Conj/Tloc      0%         3d8       45%         2
 Portal Projectile        Hex/Tloc       0%         N/A       71%         3
 Stone Arrow              Conj/Erth      0%         3d7       71%         3
 Tukima's Dance           Hex            0%         N/A       71%         3
 Airstrike                Air            0%         2d(0-16)  98%         4
 Animate Armour           Summ/Erth      0%         N/A       98%         4
 Blade Hands              Tmut           0%         N/A       100%        5
 Statue Form              Tmut/Erth      0%         N/A       100%        6
 Lehudib's Crystal Spear  Conj/Erth      0%         10d2      100%        8


Dungeon Overview and Level Annotations

Branches:
Dungeon (6/15)
 Temple: D:4-7

Altars:
Cheibriados
Fedhas
Nemelex Xobeh
Trog
The Shining One


Innate Abilities, Weirdness & Mutations

You are too large for most types of armour.
You have claws for hands.
Your natural rate of healing is unusually fast.
You are covered in fur. (AC +1)
You have tough skin. (AC +1)


Message History

You miss something.
You hear some strange, mumbled words.
A puff of flame appears from out of thin air!
The puff of flame hits you. You resist. The orc warrior barely misses you.
You scratch something but do no damage. You miss something.
Something hits you but does no damage.
The orc warrior hits you from afar with a +0 halberd!
You are too injured to fight recklessly!
You are too injured to fight recklessly!
You are too injured to fight recklessly!
You are too injured to fight recklessly!
You are too injured to fight recklessly!
You are too injured to fight recklessly!
You are too injured to fight recklessly!
You are too injured to fight recklessly!
You are too injured to fight recklessly!
You are too injured to fight recklessly!
You are too injured to fight recklessly!
You are too injured to fight recklessly!
You are too injured to fight recklessly!
You are too injured to fight recklessly!
You are too injured to fight recklessly!
You are too injured to fight recklessly!
You are too injured to fight recklessly!
You are too injured to fight recklessly!
You are too injured to fight recklessly!
You are too injured to fight recklessly!
You are too injured to fight recklessly!
You barely miss something. Something hits you.
The orc warrior hits you from afar with a +0 halberd!!
* * * LOW HITPOINT WARNING * * *
You miss something. Something hits you.
* * * LOW HITPOINT WARNING * * *
The orc warrior hits you from afar with a +0 halberd.
* * * LOW HITPOINT WARNING * * *
You scratch something.
You hear some strange, mumbled words.
Something tries to affect you, but you resist.
The orc warrior hits you from afar with a +0 halberd!
You die... ##.#...# ...... #.#..$ ### #....## #.. ..... #.# oo.

#.# #{# #.# #@# #.#
#.# #.# ##'## ######.#
##...## .......#
##.....## .#####.##
##..(....#
.###....####.........#
...........'.....>...+
....#...####.........#


You could see an orc warrior and an orc.

Vanquished Creatures
  A water moccasin (D:5)
  2 phantoms
  A kobold brigand (D:5)
  A jelly (D:3)
  A gnoll bouda (D:4)
  3 orc priests
  An iguana (D:6)
  Natasha (D:3)
  3 orc wizards
  6 gnolls
  4 adders
  A white imp (D:5)
  A worm (D:2)
  5 dart slugs
  12 orcs
  8 endoplasms
  8 goblins
  5 hobgoblins
  2 quokkas (D:2)
  5 ball pythons
  3 bats
  2 frilled lizards
  12 kobolds
  4 rats
92 creatures vanquished.

Notes
Turn   | Place    | Note
-------+----------+-------------------------------------------
     0 | D:1      | 2tousent the Troll Cinder Acolyte began the quest for the
                  | Orb.
     0 | D:1      | Reached XP level 1. HP: 22/22 MP: 1/1
    71 | D:1      | Found a faded altar of an unknown god.
   290 | D:1      | Reached XP level 2. HP: 25/29 MP: 2/2
   801 | D:2      | Reached XP level 3. HP: 36/36 MP: 3/3
   831 | D:2      | Reached skill level 1 in Dodging
  1082 | D:2      | Reached skill level 4 in Unarmed Combat
  1223 | D:2      | Reached XP level 4. HP: 43/44 MP: 4/4
  1609 | D:3      | Reached XP level 5. HP: 53/53 MP: 5/5
  1740 | D:3      | Found a snail-covered altar of Cheibriados.
  1892 | D:3      | Noticed Natasha
  1904 | D:3      | Killed Natasha
  1921 | D:3      | Reached skill level 5 in Unarmed Combat
  2321 | D:4      | Noticed a phantom
  2335 | D:4      | Killed a phantom
  2336 | D:4      | Reached XP level 6. HP: 48/61 MP: 6/6
  3104 | D:5      | Entered Level 5 of the Dungeon
  3111 | D:5      | Noticed a water moccasin
  3121 | D:5      | Killed a water moccasin
  3122 | D:5      | Reached skill level 6 in Unarmed Combat
  3122 | D:5      | Reached XP level 7. HP: 19/68 MP: 7/7
  3286 | D:5      | Reached skill level 1 in Throwing
  3352 | D:5      | Got the Tome of Orogeny and Gusts
  3524 | D:5      | Found a sparkling altar of Nemelex Xobeh.
  3524 | D:5      | Found a glowing golden altar of the Shining One.
  3607 | D:5      | Found a bloodstained altar of Trog.
  3794 | D:6      | Found a blossoming altar of Fedhas.
  3914 | D:6      | HP: 2/70 [orc warrior/+0 halberd (6)]
  3915 | D:6      | Mangled by an orc warrior

Illustrated notes

Levels and vault maps discovered:
D:1:      ncdulo_halloftheorcs, layout_loops_ring, basic_ecumenical_altar
D:2:      kb_forest_paths, layout_basic
D:3:      layout_loops_corners, cheibriados_altar_1, uniq_natasha
D:4:      layout_loops_ring, kennysheep_windowed_goal
D:5:      layout_gridville, nicolae_overflow_crystal_walls,
          gammafunk_temple_overflow_statue, nicolae_fountain_basement
D:6:      layout_loops_corners, fedhas_altar_2, serial_shops, shop,
          nicolae_shop_statue_plus, lemuel_flamethrower_2, uniq_eustachio

Skill      XL: |  1  2  3  4  5  6  7 |
---------------+----------------------+-----
Dodging        | 1 2 3 |  3.1
Unarmed Combat | 4 5 6 |  6.5
Fighting       | 3 4 |  4.1
Throwing       | 1 |  1.6
Spellcasting   | |  1.0
Fire Magic     | |  2.1

Action                     |  1- 3 |  4- 6 |  7- 9 || total
---------------------------+-------+-------+-------++-------
  Melee: Unarmed           |    67 |   140 |    45 ||   252
         Punch             |     2 |     5 |     2 ||     9
    Use: Scroll            |       |     7 |       ||     7
   Stab: Sleeping          |     2 |     2 |       ||     4
 Armour: Robe              |    22 |    23 |     5 ||    50
  Dodge: Dodged            |    26 |    45 |     8 ||    79

Table legend: (Time is in decaauts)
 A = Elapsed time spent in this place.
 B = Non-inter-level travel time spent in this place.
 C = Inter-level travel time spent in this place.
 D = Time resting spent in this place.
 E = Time spent auto-exploring this place.
 F = Levels seen in this place.
 G = Mean time per level.
                   A        B        C        D        E       F      G
               +--------+--------+--------+--------+--------+-----+--------+
         Total |   3900 |   3719 |    181 |      0 |   3179 |   6 |  650.0 |
       Dungeon |   3900 |   3719 |    181 |      0 |   3179 |   6 |  650.0 |
               +--------+--------+--------+--------+--------+-----+--------+

Top non-repeatable levels by time:
     D:3: 887 daAuts
     D:4: 820 daAuts
     D:1: 722 daAuts
     D:5: 685 daAuts
     D:2: 665 daAuts
     D:6: 119 daAuts
